 Dungeon Crawl Stone Soup version 0.26.1-15-g04117e645d (webtiles) character file.

Game seed: 609475295476050571

121 suipiss the Chiller (level 4, 0/30 HPs)
             Began as a Demonspawn Ice Elementalist on Dec 25, 2022.
             Slain by a shadow imp (5 damage)
             ... in a sewer.
             The game lasted 00:07:03 (3924 turns).

suipiss the Chiller (Demonspawn Ice Elementalist)   Turns: 3924, Time: 00:07:03

Health: 0/30       AC:  2    Str:  5 (8)  XL:     4   Next: 76%
Magic:  0/8        EV: 12    Int: 14 (17) God:
Gold:   184        SH:  0    Dex: 11 (14) Spells: 2/9 levels left

rFire    . . .     SeeInvis .   o - +2 dagger (freeze)
rCold    . . .     Faith    .   (no shield)
rNeg     . . .     Spirit   .   a - +0 robe
rPois    .         Reflect  .   (helmet restricted)
rElec    .         Harm     .   (no cloak)
rCorr    .         Rampage  .   (no gloves)
Will     .....                  (no boots)
Stlth    ++........             m - amulet of regeneration
HPRegen  0.50/turn              c - ring of wizardry
MPRegen  0.11/turn              (no ring)

@: brilliant, attractive
A: horns 1
a: no special abilities


You were in a sewer.
You visited 1 branch of the dungeon, and saw 4 of its levels.
You also visited: Sewer.

You collected 184 gold pieces.

Inventory:

Hand Weapons
 o - a +2 dagger of freezing (weapon)
Armour
 a - a +0 robe (worn)
Jewellery
 c - a ring of wizardry (left hand)
 m - an amulet of regeneration (around neck)
 n - an uncursed ring of fire
Scrolls
 d - a scroll of amnesia
 f - 2 scrolls of remove curse
 j - a scroll of enchant weapon


   Skills:
 + Level 2.5 Dodging
 - Level 1.7 Stealth
 * Level 3.3 Spellcasting
 * Level 4.5 Ice Magic


You had 2 spell levels left.
You knew the following spells:

 Your Spells              Type           Power        Failure   Level
a - Freeze                Ice            88%          1%          1
b - Frozen Ramparts       Ice            44%          4%          3
c - Ozocubu's Armour      Ice            22%          4%          3

Your spell library contained the following spells:

 Spells                   Type           Power        Failure   Level
 Hailstorm                Conj/Ice       12%          32%         4
 Summon Ice Beast         Ice/Summ       12%          32%         4
 Summon Lightning Spire   Summ/Air       3%           61%         4
 Silence                  Hex/Air        1%           90%         5
 Conjure Ball Lightning   Conj/Air       1%           100%        6
 Tornado                  Air            1%           100%        9


Dungeon Overview and Level Annotations

Branches:
Dungeon (4/15)              Sewer (1/1)
 Temple: D:4-7

Altars:

Annotations:
D:3 3 runed translucent doors, CoveEight's ghost, weakling HOMo


Innate Abilities, Weirdness & Mutations

You have a pair of small horns on your head.


Message History

* * * LOW HITPOINT WARNING * * *
The shadow imp grins evilly.
The shadow imp closely misses you.
It was a potion of degeneration.
There was something very wrong with that liquid.
You feel weakened.
You feel dopey.
You feel clumsy. The adder zombie bites you.
* * * LOW HITPOINT WARNING * * *
The shadow imp closely misses you.
Casting: Frozen Ramparts (dangerous; 4% risk of failure)
Confirm with . or Enter, or press ? or * to list all spells.
Aiming: Freeze (safe; 1% risk of failure)
Press: ? - help, Shift-Dir - straight line, f - shadow imp
Aim: a shadow imp (heavily wounded)
You feel a surge of power!
The shadow imp resists.
You freeze the shadow imp.
The shadow imp is severely wounded.
The adder zombie bites you.
* * * LOW HITPOINT WARNING * * *
The shadow imp hits you.
You die...

#≈≈≈# ≈≈≈≈≈≈)).#≈≈≈≈≈
#≈≈≈# ≈≈≈≈≈≈...≈≈≈≈≈≈
#≈≈≈# ≈≈≈≈≈#...#≈≈≈≈≈
#≈≈≈# ≈≈≈≈≈≈.(.#≈≈≈≈≈
#≈≈≈# ≈≈≈≈≈#.(.≈≈≈≈≈≈
#≈≈≈# ≈≈≈≈≈#...#≈≈≈≈≈
#≈≈≈# ≈≈≈≈ #.(.#≈≈≈≈≈
##≈##########.## ≈≈≈≈
#..........@5..# ≈≈≈≈
#.≈≈≈≈≈≈≈.≈≈Z≈≈≈≈≈≈≈≈
#)≈≈≈≈≈≈≈≈≈≈≈≈≈#≈≈≈≈≈
#.≈≈#################
#()≈# #.≈≈# #..≈#
#(≈≈# #(≈≈#


You could see a shadow imp and an adder zombie.

Vanquished Creatures
  An orc wizard (D:3)
  An ufetubus (Sewer)
  3 worms
  A dart slug (D:1)
  4 leopard geckos
  5 orcs (D:3)
  5 giant cockroaches
  8 goblins
  8 hobgoblins
  A quokka (D:2)
  5 bats
  A frilled lizard (D:1)
  11 kobolds
  9 rats
  A toadstool (D:1)
64 creatures vanquished.

Vanquished Creatures (others)
  A hobgoblin (D:1)
  3 toadstools (D:1)
4 creatures vanquished.

Grand Total: 68 creatures vanquished

Notes
Turn   | Place    | Note
-------+----------+-------------------------------------------
     0 | D:1      | suipiss the Demonspawn Ice Elementalist began the quest for
                  | the Orb.
     0 | D:1      | Reached XP level 1. HP: 13/13 MP: 3/3
   769 | D:1      | Gained mutation: You have a pair of small horns on your
                  | head. [demonic ancestry]
   769 | D:1      | Reached XP level 2. HP: 19/19 MP: 3/5
  1494 | D:1      | Reached skill level 4 in Ice Magic
  1835 | D:2      | Reached XP level 3. HP: 20/24 MP: 2/6
  1889 | D:2      | Learned a level 3 spell: Frozen Ramparts
  1893 | D:2      | Learned a level 3 spell: Ozocubu's Armour
  2572 | D:3      | Reached XP level 4. HP: 21/30 MP: 1/8
  3498 | D:3      | Found a runed translucent gate.
  3498 | D:3      | Found a runed translucent gate.
  3498 | D:3      | Found a runed translucent gate.
  3499 | D:3      | Noticed CoveEight's ghost (weakling HOMo)
  3501 | D:3      | Identified the +4 whip of the Sage {venom, +Blink +Rage
                  | rC+}
  3782 | D:4      | Found a glowing drain.
  3821 | Sewer    | Entered a sewer
  3919 | Sewer    | HP: 1/30 [adder zombie (2)]
  3924 | Sewer    | Slain by a shadow imp

Illustrated notes

Levels and vault maps discovered:
D:1:      ldierk_water_garden, layout_basic, lemuel_another_geyser
D:2:      layout_basic, grunt_decor_junction,
          hangedman_abyss_or_decor_lesser_grid
D:3:      layout_basic, gammafunk_ghost_nasty_kobolds
D:4:      layout_basic, minmay_temple_entry_overgrown, portal_sewer_entry_f,
          serial_shops, nicolae_shop_behind_doors, nicolae_shop_crystal,
          nicolae_shop_trees
Sewer:    kennysheep_sewer_church

Skill      XL: |  1  2  3 |
---------------+----------+-----
Dodging        | 2 |  2.5
Ice Magic      | 4 |  4.5
Spellcasting   | 3 |  3.3
Stealth        | |  1.7

Action                   |  1- 3 |  4- 6 || total
-------------------------+-------+-------++-------
Melee: Club              |    55 |    12 ||    67
       Unarmed           |     3 |       ||     3
       Headbutt          |     1 |     1 ||     2
       Dagger            |       |    15 ||    15
 Cast: Freeze            |    42 |    21 ||    63
       Frozen Ramparts   |     4 |     8 ||    12
  Use: Scroll            |       |     5 ||     5
       Potion            |       |     5 ||     5
 Stab: Sleeping          |     1 |       ||     1
Armor: Robe              |    15 |     5 ||    20
Dodge: Dodged            |    74 |    50 ||   124
